 Dungeon Crawl Stone Soup version 0.31.0 (webtiles) character file.

Game seed: 17061716286730158960

1372 reddragon77 the Fighter (level 8, -3/78 HPs)
             Began as a Minotaur Fighter on Jan 20, 2024.
             Was a Follower of Nemelex Xobeh.
             Incinerated by a bombardier beetle (6 damage)
             ... with a burning spray
             ... on level 7 of the Dungeon.
             The game lasted 00:42:06 (3706 turns).

reddragon77 the Fighter (Minotaur Fighter)          Turns: 3706, Time: 00:42:06

Health: -3/78      AC: 10    Str: 23    XL:     8   Next: 38%
Magic:  7/7        EV: 13    Int:  5    God:    Nemelex Xobeh [*.....]
Gold:   272        SH:  4    Dex: 10    Spells: 7/7 levels left

rFire   . . .        A - +0 scimitar
rCold   . . .        c - +0 buckler
rNeg    . . .        y - +0 chain mail
rPois   .            (helmet restricted)
rElec   .            (no cloak)
rCorr   .            h - +0 pair of gloves
SInv    .            (no boots)
Will    .....        (no amulet) Stlth
                     k - +5 ring of evasion
HPRegen 0.33/turn    u - +4 ring of slaying
MPRegen 0.10/turn

%: no passive effects
@: on fire, glowing
A: horns 2, retaliatory headbutt
a: Renounce Religion, Draw Escape, Draw Destruction, Draw Summoning


You were on level 7 of the Dungeon.
You worshipped Nemelex Xobeh.
Nemelex Xobeh was aware of your devotion.
You visited 1 branch of the dungeon, and saw 7 of its levels.

You collected 272 gold pieces.

Inventory:

Hand Weapons
 a - a +0 war axe
 e - a +2 short sword of electrocution
 l - a +0 long sword
 m - a +0 mace
 o - a +0 halberd
 z - a +0 flail
 A - a +0 scimitar (weapon)
Missiles
 i - 2 poisoned darts (quivered)
 t - 2 boomerangs
 v - 4 atropa-tipped darts
 B - 5 stones
Armour
 b - a +0 scale mail
 c - a +0 buckler (worn)
 h - a +0 pair of gloves (worn)
 q - a +0 ring mail
 y - a +0 chain mail (worn)
 F - a scarf of resistance
 I - the +4 chain mail of Complete Protection {*Corrode +Inv rElec Dex+7}
   (You found it on level 7 of the Dungeon)

   Dex+7:     It affects your dexterity (+7).
   rElec:     It insulates you from electricity.
   +Inv:      It lets you turn invisible.
   *Corrode:  It may corrode you when you take damage.
Jewellery
 k - a +5 ring of evasion (left hand)
 s - an amulet of faith
 u - a +4 ring of slaying (right hand)
 C - a ring of magical power
Wands
 p - a wand of mindburst (7)
 D - a wand of flame (18)
Scrolls
 f - a scroll of vulnerability
 w - a scroll of revelation {unknown}
 x - a scroll of identify {unknown}
 E - a scroll of immolation
 H - a scroll of enchant weapon {unknown}
Potions
 d - 3 potions of might
 g - a potion of attraction {unknown}
 j - 2 potions of curing
 n - a potion of heal wounds {unknown}
 r - a potion of degeneration {unknown}
 G - 2 potions of lignification {unknown}


   Skills:
 + Level 9.0 Fighting
 * Level 5.7 Long Blades
 - Level 5.0(5.5) Axes
 - Level 3.5(4.8) Maces & Flails
 - Level 1.6 Throwing
 - Level 4.3 Armour
 - Level 0.1 Dodging
 - Level 4.0 Shields


You had 7 spell levels left.
You didn't know any spells.
Your spell library contained the following spells:

 Spells                   Type           Power      Damage    Failure   Level
 Necrotise                Necr           0%         1d4       98%         1
 Ozocubu's Armour         Ice            0%         N/A       100%        3
 Vampiric Draining        Necr           0%         2d6       100%        3
 Animate Dead             Necr           0%         N/A       100%        4
 Martyr's Knell           Necr/Summ      0%         N/A       100%        4
 Borgnjor's Vile Clutch   Necr/Erth      0%         N/A       100%        5
 Curse of Agony           Necr           0%         N/A       100%        5
 Metabolic Englaciation   Hex/Ice        0%         N/A       100%        5
 Death Channel            Necr           0%         N/A       100%        6
 Sculpt Simulacrum        Ice/Alch       0%         N/A       100%        6


Dungeon Overview and Level Annotations

Branches:
Dungeon (7/15)
 Temple: D:4-7

Altars:
Nemelex Xobeh

Annotations:
D:7 Jeremiah


Innate Abilities, Weirdness & Mutations

You have a pair of horns on your head.
You reflexively headbutt those who attack you in melee.


Message History

The gnoll misses you. The gnoll hits you with a +0 club.
* * * LOW HITPOINT WARNING * * *
You hit the gnoll.
The gnoll is heavily wounded.
Your attacks no longer feel as feeble.
The gnoll hits you from afar with a +0 halberd.
* * * LOW HITPOINT WARNING * * *
The gnoll hits you from afar with a +0 spear.
* * * LOW HITPOINT WARNING * * *
The gnoll hits you but does no damage.
The butterfly disappears in a burst of colours!
The gnoll closely misses you.
The gnoll hits you from afar with a +0 spear.
* * * LOW HITPOINT WARNING * * *
The gnoll barely misses you.
You start removing your armour.
You continue taking off your +0 chain mail.
The butterfly disappears in a burst of colours! x2
The gnoll misses you.
Jeremiah yawns.
Jeremiah cries, "Fearful master, protect me!"
Something smites you!
* * * LOW HITPOINT WARNING * * *
The gnoll hits you but does no damage. The gnoll misses you.
You continue taking off your +0 chain mail.
The gnoll misses you. x2
The bombardier beetle sprays incendiary fluid at you.
You block the burning spray. The gnoll hits you but does no damage.
You continue taking off your +0 chain mail.
The butterfly disappears in a burst of colours!
The gnoll barely misses you. The gnoll closely misses you. x2
You furiously retaliate!
You headbutt the gnoll!
You kill the gnoll!
The bombardier beetle sprays incendiary fluid at you.
The burning spray hits you.
You are covered in liquid fire!
You continue taking off your +0 chain mail.
The liquid fire burns you!
You die...
Your body glows slightly brighter and disappears.

..# #...[..####....
.## #.#............
..### #.#............
$
....###......##......
.. ....##...........#
...
........##.#....b# ..
........#.###..B.##.#
....###..bb#b.##...#
....# #..bF..gg.@.##
....# #..bb##.g))..#
..... .....#...#..##
...........##..#.##
..... ...#.##....#
... .....# ......#
...#....


You could see Jeremiah, a bombardier beetle and 3 gnolls.

Vanquished Creatures
  A water moccasin (D:6)
  An orc warrior (D:6)
  An ogre (D:6)
  An elf zombie (D:6)
  2 bullfrogs
  2 elf skeletons (D:6)
  A scorpion (D:4)
  3 jellies
  A howler monkey (D:4)
  4 hounds
  An orc priest (D:4)
  A gnoll bouda (D:7)
  Jessica (D:2)
  2 human skeletons (D:6)
  A sleepcap (D:7)
  3 iguanas
  3 orc wizards
  2 gnolls (D:7)
  6 adders
  2 shadow imps
  A dart slug (D:3)
  3 ribbon worms (D:3)
  14 orcs
  5 ball pythons
  5 endoplasms
  A giant cockroach (D:4)
  A goblin (D:1)
  3 hobgoblins
  5 kobolds
  3 quokkas
  2 bats
  A frilled lizard (D:3)
  An orc skeleton (D:6)
  2 rats (D:3)
86 creatures vanquished.

Notes
Turn   | Place    | Note
-------+----------+-------------------------------------------
     0 | D:1      | reddragon77 the Minotaur Fighter began the quest for the
                  | Orb.
     0 | D:1      | Reached XP level 1. HP: 19/19 MP: 0/0
   209 | D:2      | Noticed Jessica
   224 | D:2      | Killed Jessica
   225 | D:2      | Reached skill level 4 in Fighting
   225 | D:2      | Reached XP level 2. HP: 13/27 MP: 1/1
   225 | D:2      | Reached XP level 3. HP: 16/33 MP: 2/2
   641 | D:3      | Reached skill level 1 in Maces & Flails
   721 | D:4      | Noticed a scorpion
   735 | D:3      | Reached XP level 4. HP: 39/41 MP: 3/3
  1147 | D:4      | Killed a scorpion
  1148 | D:4      | Reached skill level 5 in Fighting
  1148 | D:4      | Reached XP level 5. HP: 48/48 MP: 4/4
  1207 | D:4      | Reached skill level 6 in Fighting
  1299 | D:4      | Reached XP level 6. HP: 55/58 MP: 5/5
  1391 | D:4      | Found a sparkling altar of Nemelex Xobeh.
  1433 | D:4      | Became a worshipper of Nemelex Xobeh the Trickster
  1725 | D:5      | Entered Level 5 of the Dungeon
  1988 | D:5      | Reached skill level 7 in Fighting
  2170 | D:6      | Reached XP level 7. HP: 54/66 MP: 6/6
  2422 | D:6      | Reached skill level 8 in Fighting
  2462 | D:6      | Reached skill level 1 in Long Blades
  2462 | D:6      | Reached skill level 1 in Throwing
  2489 | D:6      | Reached skill level 5 in Axes
  2582 | D:6      | Reached * piety under Nemelex Xobeh
  3130 | D:6      | Reached XP level 8. HP: 73/77 MP: 7/7
  3355 | D:7      | Received a gift from Nemelex Xobeh
  3541 | D:7      | Reached skill level 9 in Fighting
  3541 | D:7      | Reached skill level 5 in Long Blades
  3680 | D:7      | Identified the +4 chain mail of Complete Protection
                  | {*Corrode +Inv rElec Dex+7}
  3686 | D:7      | Noticed Jeremiah
  3703 | D:7      | HP: 2/78 [Jeremiah/divine providence (13)]
  3706 | D:7      | Incinerated by a bombardier beetle

Illustrated notes

Levels and vault maps discovered:
D:1:      shiori_angband_town, layout_rooms, minmay_bisected
D:2:      layout_rooms, basic_altar, minmay_crystal_room, uniq_jessica
D:3:      layout_rooms, minmay_surrounded
D:4:      layout_basic, mainiacjoe_overflow_concentric_impassable
D:5:      layout_rooms, minmay_temple_entry_water_ring, gup_sewer_entry_glass,
          chequers_serial_rivers_small_a, corner_web_ring, uniq_prince_ribbit1
D:6:      layout_loops_ring, nicolae_ossuary_entry_catacombs,
          minmay_misc_feat_plants, grunt_ministairs_7,
          hangedman_abyss_or_decor_jellyfish_corner
D:7:      layout_cave_pools, uniq_jeremiah

Skill      XL: |  1  2  3  4  5  6  7  8 |
---------------+-------------------------+-----
Armour         | 4 |  4.3
Fighting       | 4 5 6 7 8 9 |  9.0
Shields        | 4 |  4.0
Maces & Flails | 1 2 3 |  3.5
Axes           | 3 4 5 |  5.0
Long Blades    | 3 5 |  5.7
Throwing       | 1 |  1.6
Dodging        | |  0.1

Action                     |  1- 3 |  4- 6 |  7- 9 || total
---------------------------+-------+-------+-------++-------
  Melee: Short sword       |    15 |       |       ||    15
         War axe           |    25 |    53 |       ||    78
         Headbutt          |     4 |    23 |    22 ||    49
         Halberd           |       |    56 |    24 ||    80
         Scimitar          |       |       |    92 ||    92
  Throw: Dart              |       |     1 |       ||     1
    Use: Scroll            |     2 |     1 |       ||     3
         Potion            |       |     1 |       ||     1
 Armour: Scale mail        |    35 |    46 |       ||    81
         Chain mail        |       |    35 |   108 ||   143
  Dodge: Dodged            |    38 |    83 |    83 ||   204
  Block: Buckler           |     6 |    19 |     6 ||    31
